 Dungeon Crawl Stone Soup version 0.32-a0-411-g744942f433 (webtiles) character file.

Game seed: 13598240547342684423

1073 zeratav the Cleaver (level 8, -1/71 HPs)
             Began as a Minotaur Fighter on Feb 21, 2024.
             Was an Initiate of Beogh.
             Incinerated by a bombardier beetle (3 damage)
             ... with a burning spray
             ... on level 5 of the Dungeon.
             The game lasted 00:03:52 (2770 turns).

zeratav the Cleaver (Minotaur Fighter)              Turns: 2770, Time: 00:03:53

Health: -1/71      AC:  8    Str: 22    XL:     8   Next: 7%
Magic:  7/7        EV:  9    Int:  5    God:    Beogh [......]
Gold:   179        SH:  4    Dex: 11    Spells: 7/7 levels left

rFire   . . .        a - +0 war axe {axe}
rCold   . . .        c - +0 buckler
rNeg    + . .        b - +0 scale mail
rPois   .            (helmet restricted)
rElec   .            r - +0 cloak
rCorr   .            (no gloves)
SInv    .            (no boots)
Will    .....        (no amulet) Stlth
                     n - ring of positive energy
HPRegen 0.31/turn    (no ring)
MPRegen 0.10/turn

%: no passive effects
@: on fire, glowing
A: horns 2, retaliatory headbutt
a: Renounce Religion


You were on level 5 of the Dungeon.
You worshipped Beogh.
Beogh was noncommittal.
You visited 1 branch of the dungeon, and saw 5 of its levels.

You collected 179 gold pieces.


Innate Abilities, Weirdness & Mutations

You have a pair of horns on your head.
You reflexively headbutt those who attack you in melee.


   Skills:
 + Level 6.9 Fighting
 - Level 10.0 Axes
 - Level 3.6 Armour
 - Level 3.6 Shields


You had 7 spell levels left.
You didn't know any spells.
Your spell library contained the following spells:

 Spells                   Type           Power      Damage    Failure   Level
 Necrotise                Necr           0%         1d4       86%         1
 Vampiric Draining        Necr           0%         2d6       99%         3
 Martyr's Knell           Necr/Summ      0%         N/A       100%        4
 Curse of Agony           Necr           0%         N/A       100%        5

Inventory:

Hand Weapons
 a - a +0 war axe (weapon) {axe}
 k - a +1 mace of protection {mace}
   (You took it off a kobold on level 1 of the Dungeon)
 s - a +3 great mace of protection {mace}
   (You found it on level 2 of the Dungeon)
Missiles
 h - 4 boomerangs {throwing}
 i - 3 poisoned darts (quivered) {throwing}
Armour
 b - a +0 scale mail (worn)
 c - a +0 buckler (worn)
 r - a +0 cloak (worn)
   (You found it on level 2 of the Dungeon)
 w - a +0 pair of gloves
   (You found it on level 5 of the Dungeon)
Jewellery
 n - a ring of positive energy (left hand)
   (You found it on level 2 of the Dungeon)
Scrolls
 e - 3 scrolls of identify {unknown}
 f - a scroll of noise {unknown}
 g - 2 scrolls of enchant weapon {unknown}
 j - a scroll of vulnerability {unknown}
 m - 3 scrolls of enchant armour {unknown}
 u - a scroll of fog {unknown}
 v - a scroll of immolation {unknown}
Potions
 d - a potion of might
 l - 2 potions of curing {unknown}
 o - a potion of haste {unknown}
 p - 2 potions of heal wounds {unknown}
 q - a potion of enlightenment {unknown}
 t - a potion of attraction {unknown}

Dungeon Overview and Level Annotations

Branches:
Dungeon (6/15) Zot: 26367
 Temple: D:4-7

Altars:
Xom

Shops:
D:1 [

Annotations:
D:3 3 runed translucent doors, CougarLife's ghost, novice GrEE
D:5 1 runed translucent door, n00bmints's ghost, amateur MDBe

#......####.##.## .. ...#
#..#..###
#.#.##.#####.##...##
#.#....[.....####..#
#.####.####..# ##''##
#....#.####..###....##
###............##......#
.............>##..#$$#..#
.#..........###@.$##$..#
#.#.....#.##.# #..$# $..#
#......####### #..#$$#..#
###.#.## ##......##
....#.# ##....## #####.##
+#### #.(.# #...# #...#


There were no monsters in sight!


Message History

The burning spray hits you.
You are covered in liquid fire!
You shake off some of the fire as you move.
The liquid fire burns you!
HP[-4]
You take 4 damage, and now have 67/71 hp.
You shake off some of the fire as you move.
The liquid fire burns you!
HP[-3]
You take 3 damage, and now have 64/71 hp.
You hit the ribbon worm. The liquid fire burns you!
You block the ribbon worm's attack.
HP[-4]
You take 4 damage, and now have 60/71 hp.
You hit the ribbon worm but do no damage.
You hit the bombardier beetle. The liquid fire burns you!
The ribbon worm bites you.
HP[-8]
You take 8 damage, and now have 52/71 hp.
You hit the bombardier beetle. You slash the ribbon worm!
The liquid fire burns you!
The ribbon worm expels a string of sticky webbing.
The stream of webbing hits you but does no damage.
You are caught in a web!
The bombardier beetle sprays incendiary fluid at you.
The burning spray hits you.
You are even more covered in liquid fire!
HP[-5]
You take 5 damage, and now have 47/71 hp.
You struggle to detach yourself from the web.
The liquid fire burns you! The ribbon worm bites you.
* * * LOW HITPOINT WARNING * * *
HP[-12]
You take 12 damage, and now have 35/71 hp.
The web tears apart.
The liquid fire burns you!
* * * LOW HITPOINT WARNING * * *
The bombardier beetle sprays incendiary fluid at you.
The burning spray hits you.
You are even more covered in liquid fire!
HP[-4]
You take 4 damage, and now have 31/71 hp.
You slice the bombardier beetle!!
You kill the bombardier beetle!
Beogh accepts your kill.
You hit the ribbon worm but do no damage.
The liquid fire burns you!
* * * LOW HITPOINT WARNING * * *
The ribbon worm bites you.
* * * LOW HITPOINT WARNING * * *
HP[-8]
You take 8 damage, and now have 23/71 hp.
You slash the ribbon worm!
You kill the ribbon worm!
Beogh accepts your kill. The liquid fire burns you!
* * * LOW HITPOINT WARNING * * *
HP[-2]
You take 2 damage, and now have 21/71 hp.
An adder and an iguana come into view.
You shake off some of the fire as you move.
The liquid fire burns you!
* * * LOW HITPOINT WARNING * * *
The adder hisses angrily.
The iguana hisses angrily.
HP[-3]
You take 3 damage, and now have 18/71 hp.
You shake off some of the fire as you move.
The liquid fire burns you!
* * * LOW HITPOINT WARNING * * *
HP[-4]
You take 4 damage, and now have 14/71 hp.
You barely miss the adder. You headbutt the adder. The liquid fire burns you!
* * * LOW HITPOINT WARNING * * *
The adder closely misses you.
HP[-2]
You take 2 damage, and now have 12/71 hp.
You hit the adder but do no damage. The liquid fire burns you!
* * * LOW HITPOINT WARNING * * *
The adder bites you but does no damage. x2
HP[-5]
You take 5 damage, and now have 7/71 hp.
You slash the adder!
You kill the adder!
Beogh accepts your kill.
You closely miss the iguana. The liquid fire burns you!
* * * LOW HITPOINT WARNING * * *
The iguana barely misses you.
HP[-5]
You take 5 damage, and now have 2/71 hp.
You slash the iguana! You headbutt the iguana.
You kill the iguana!
Beogh accepts your kill. The liquid fire burns you!
You die...

Skill      XL: |  1  2  3  4  5  6  7 |
---------------+----------------------+-----
Axes           | 3 4 5 6 8 10 | 10.0
Fighting       | 5 6 |  6.9
Armour         | |  3.6
Shields        | |  3.6

Action                     |  1- 3 |  4- 6 |  7- 9 || total
---------------------------+-------+-------+-------++-------
  Melee: War axe           |    71 |    70 |    21 ||   162
         Headbutt          |    16 |     7 |     4 ||    27
 Invoke: Convert to Beogh  |       |       |     1 ||     1
 Armour: Scale mail        |    31 |    61 |    26 ||   118
  Dodge: Dodged            |    16 |    22 |    17 ||    55
  Block: Buckler           |     6 |    16 |     8 ||    30

Levels and vault maps discovered:
D:1:      dpeg_arrival_castle, layout_loops_ring,
          hellmonk_ecumenical_altar_watching_god, serial_forest,
          infiniplex_forest_straight_5, infiniplex_forest_lined_4_way,
          infiniplex_forest_end_2, infiniplex_forest_split,
          infiniplex_forest_clump_tiny, serial_shops, shop
D:2:      layout_rooms, basic_altar, minivault_5
D:3:      layout_basic, gammafunk_ghost_nasty_kobolds, minmay_statues_item,
          uniq_natasha
D:5:      minmay_polygon_palace, layout_loops_cross, ebering_ghost_sewer_d,
          uniq_grinder, uniq_pikel
D:6:      layout_loops_ring, kennysheep_little_box,
          worldfamousw_hep_ancestral_shrine, uniq_blork_the_orc

Notes
Turn   | Place    | Note
-------+----------+-------------------------------------------
     0 | D:1      | zeratav the Minotaur Fighter began the quest for the Orb.
     0 | D:1      | Reached XP level 1. HP: 19/19 MP: 0/0
     0 | D:1      | magus.rc [v1.9.6]
   358 | D:1      | Found Mobeolok's Armour Shoppe.
   367 | D:1      | Reached skill level 3 in Axes
   420 | D:1      | Reached XP level 2. HP: 26/26 MP: 1/1
   454 | D:1      | Found a faded altar of an unknown god.
   456 | D:1      | Noticed a shining eye
   456 | D:1      | Noticed a golden eye
   475 | D:1      | Noticed a shining eye
   475 | D:1      | Noticed a glass eye
   483 | D:1      | You pick up a book of Necromancy and begin reading...
   483 | D:1      | You add the spells Necrotise, Vampiric Draining, Martyr's
                  | Knell and Curse of Agony to your library.
   572 | D:1      | Reached skill level 4 in Axes
   897 | D:1      | Reached XP level 3. HP: 31/31 MP: 2/2
  1146 | D:2      | Identified the +1 short sword "Arion" {protect, rElec rF-
                  | rN++ SInv}
  1179 | D:2      | Reached skill level 5 in Axes
  1287 | D:2      | Found a shimmering altar of Xom.
  1304 | D:2      | Reached XP level 4. HP: 39/39 MP: 3/3
  1839 | D:3      | Reached skill level 6 in Axes
  1875 | D:3      | Found a runed translucent gate.
  1875 | D:3      | Found a runed translucent gate.
  1876 | D:3      | Noticed a kobold brigand
  1877 | D:3      | Noticed CougarLife's ghost (novice GrEE)
  1878 | D:3      | Found a runed translucent gate.
  2035 | D:3      | Noticed Natasha
  2038 | D:3      | Killed Natasha
  2039 | D:3      | Reached XP level 5. HP: 45/45 MP: 4/4
  2134 | D:3      | You fall into a shaft and drop 3 floors!
  2141 | D:5      | Entered Level 5 of the Dungeon
  2141 | D:5      | Noticed Grinder
  2147 | D:5      | Killed Grinder
  2148 | D:5      | Reached skill level 8 in Axes
  2148 | D:5      | Reached XP level 6. HP: 39/51 MP: 5/5
  2214 | D:5      | Noticed Pikel
  2232 | D:5      | HP: 7/51 [Pikel/+1 whip of freezing (10)]
  2233 | D:5      | HP: 3/51 [Pikel/+1 whip of freezing (1)]
  2237 | D:5      | Killed Pikel
  2238 | D:5      | Reached skill level 10 in Axes
  2238 | D:5      | Reached skill level 5 in Fighting
  2238 | D:5      | Reached XP level 7. HP: 4/61 MP: 6/6
  2467 | D:5      | Found a runed translucent door.
  2497 | D:5      | Reached skill level 6 in Fighting
  2507 | D:5      | Became a worshipper of Beogh the Shepherd
  2556 | D:5      | Noticed n00bmints's ghost (amateur MDBe)
  2591 | D:5      | Reached XP level 8. HP: 71/71 MP: 7/7
  2765 | D:5      | HP: 17/71 [burnt (4)]
  2768 | D:5      | HP: 6/71 [burnt (6)]
  2769 | D:5      | HP: 2/71 [burnt (5)]
  2770 | D:5      | Incinerated by a bombardier beetle

Vanquished Creatures
  Pikel (D:5)
  Grinder (D:5)
  A black bear (D:5)
  A centaur (D:5)
  2 lemures (D:5)
  A bombardier beetle (D:5)
  3 iguanas (D:5)
  An orc wizard (D:5)
  Natasha (D:3)
  4 adders
  4 ufetubi (D:5)
  A ribbon worm (D:5)
  A dart slug (D:3)
  7 orcs (D:3)
  3 bats
  7 endoplasms
  5 goblins
  6 hobgoblins
  7 ball pythons
  A frilled lizard (D:2)
  4 kobolds
  2 rats
64 creatures vanquished.

Vanquished Creatures (others)
  A jelly (D:5)
  3 orcs (D:5)
4 creatures vanquished.

Grand Total: 68 creatures vanquished

Table legend:
 A = Non-vault XP
 B = Vault XP
 C = Vault XP percentage of total XP
 D = Non-vault monster count
 E = Vault monster count
 F = Vault count percentage of total count
                 A         B        C        D         E       F
            +---------+---------+-------+---------+---------+-------
      Total |     612 |     958 |  61.0 |      58 |       6 |   9.4
            +---------+---------+-------+---------+---------+-------
        D:1 |      46 |       0 |   0.0 |      17 |       0 |   0.0
        D:2 |      68 |       0 |   0.0 |      17 |       0 |   0.0
        D:3 |      55 |      36 |  39.6 |      12 |       1 |   7.7
        D:5 |     443 |     922 |  67.5 |      12 |       5 |  29.4
            +---------+---------+-------+---------+---------+-------

Skill      XL: |  1  2  3  4  5  6  7 |
---------------+----------------------+-----
Axes           | 3 4 5 6 8 10 | 10.0
Fighting       | 5 6 |  6.9
Armour         | |  3.6
Shields        | |  3.6

Action                     |  1- 3 |  4- 6 |  7- 9 || total
---------------------------+-------+-------+-------++-------
  Melee: War axe           |    71 |    70 |    21 ||   162
         Headbutt          |    16 |     7 |     4 ||    27
 Invoke: Convert to Beogh  |       |       |     1 ||     1
 Armour: Scale mail        |    31 |    61 |    26 ||   118
  Dodge: Dodged            |    16 |    22 |    17 ||    55
  Block: Buckler           |     6 |    16 |     8 ||    30

Illustrated notes

Table legend:
 A = Kills in this place as a percentage of kills in the entire game.
 B = Kills by you in this place as a percentage of kills by you in the entire game.
 C = Kills by friends in this place as a percentage of kills by friends in the entire game.
 D = Other kills in this place as a percentage of other kills in the entire game.
 E = Experience gained in this place as a percentage of experience gained in the entire game.
 F = Experience gained in this place divided by the number of levels of this place that you have seen.
                   A       B       C       D       E      F
               +-------+-------+-------+-------+-------+----------------------
         Total | 100.0 | 100.0 |   N/A | 100.0 | 100.0 | 314.0
       Dungeon | 100.0 | 100.0 |   N/A | 100.0 | 100.0 | 314.0
               +-------+-------+-------+-------+-------+----------------------

Table legend: (Time is in decaauts)
 A = Elapsed time spent in this place.
 B = Non-inter-level travel time spent in this place.
 C = Inter-level travel time spent in this place.
 D = Time resting spent in this place.
 E = Time spent auto-exploring this place.
 F = Levels seen in this place.
 G = Mean time per level.
                   A        B        C        D        E       F      G
               +--------+--------+--------+--------+--------+-----+--------+
         Total |   2804 |   2675 |    129 |    185 |   2100 |   5 |  560.8 |
       Dungeon |   2804 |   2675 |    129 |    185 |   2100 |   5 |  560.8 |
               +--------+--------+--------+--------+--------+-----+--------+

Top non-repeatable levels by time:
     D:1: 1113 daAuts
     D:5: 632 daAuts
     D:2: 606 daAuts
     D:3: 444 daAuts
     D:6: 6 daAuts
